 Dungeon Crawl Stone Soup version 0.31-a0-1008-g5b978dac0e (webtiles) character file.

Game seed: 8103120376123861686

6 Jannitor the Sneak (level 1, -32/19 HPs)
             Began as an Armataur Delver on Nov 12, 2023.
             Annihilated by an ogre
             ... wielding a +0 giant spiked club
              (39 damage)
             ... on level 5 of the Dungeon.
             The game lasted 00:00:50 (371 turns).

Jannitor the Sneak (Armataur Delver)                 Turns: 371, Time: 00:00:51

Health: -32/19     AC:  4    Str: 17    XL:     1   Next: 75%
Magic:  1/1        EV:  9    Int: 10    God:
Gold:   51         SH:  0    Dex: 11    Spells: 0/0 levels left

rFire   . . .        a - +0 mace
rCold   . . .        (no shield)
rNeg    . . .        b - +0 leather armour
rPois   .            (no helmet)
rElec   .            (no cloak)
rCorr   .            (no gloves)
SInv    .            (no barding)
Will    .....        (no amulet)
Stlth   +++          (no ring)
HPRegen 0.23/turn    (no ring)
MPRegen 0.07/turn

%: roll
@: mighty
A: large, rugged brown scales 3, deformed body, armoured tail, roll, long
tongue, awkward tongue
a: no special abilities


You were on level 5 of the Dungeon.
You visited 1 branch of the dungeon, and saw 2 of its levels.

You collected 51 gold pieces.

Inventory:

Hand Weapons
 a - a +0 mace (weapon)
Armour
 b - a +0 leather armour (worn)
Jewellery
 i - a ring of protection from cold
Wands
 g - a wand of digging (3)
Scrolls
 c - a scroll of fog
 d - a scroll of revelation


   Skills:
 + Level 2.8 Fighting
 + Level 1.9 Maces & Flails
 + Level 1.5 Dodging
 + Level 5.5 Stealth


You couldn't memorise any spells.
You didn't know any spells.
Your spell library was empty.

Dungeon Overview and Level Annotations

Branches:
Dungeon (6/15)
 Temple: D:4-7

Altars:

Annotations:
D:5 exclusion: jelly
D:6 exclusion: water moccasin, Edmund


Innate Abilities, Weirdness & Mutations

You are completely covered in rugged brown scales. (AC +3, +7% HP)
Armour fits poorly on your strangely shaped body.
You have a long armoured tail.
You roll when moving toward enemies. (Rampage)
Your long tongue fully drains potion bottles. (2x potion effects)
Your tongue gives you trouble enunciating. (1.5x scroll delay)


Message History

The floor.
Placed new exclusion.
You now have 38 gold pieces (gained 8).
You now have 51 gold pieces (gained 13).
Partly explored, can't reach some places.
There is a stone staircase leading up here.
You climb upwards.
The ogre closely misses you.
There is a stone staircase leading down here.
Unknown command.
As you slowly read the scroll of fear, it crumbles to dust.
You assume a fearsome visage.
The ogre looks frightened!
A jelly comes into view.
Press: ? - help, . - travel You can't see that place. [the floor.] Placed new exclusion.
You open the door.
There is an open door here.
Found 5 stones.
You see here 5 stones.
You see here 5 stones.
The shadow imp shouts!
You hit the ogre.
The ogre is lightly wounded.
The ogre barely misses you.
Okay, then.
Unknown command.
It was a potion of might.
You feel very mighty all of a sudden.
You slurp down every last drop of the potion of might!
The ogre barely misses you.
You thump the ogre!
The ogre is heavily wounded.
The ogre hits you with a +0 giant spiked club!
Ouch! That really hurt!
You thump the ogre!
The ogre is severely wounded.
The ogre hits you with a +0 giant spiked club!!!
Ouch! That really hurt!
You die...

##>......# #....#
#.#####.# #....#
..#.#####.# #....#
........#.# #....#
....###.#.####....#
...O# #.#......#'##
.#..# #.#.######5#
.#..# #.########O#
#.(.......@#
############


You could see an ogre and a shadow imp.

Vanquished Creatures
  3 orcs (D:6)
3 creatures vanquished.

Notes
Turn   | Place    | Note
-------+----------+-------------------------------------------
     0 | D:5      | Jannitor the Armataur Delver began the quest for the Orb.
     0 | D:5      | Reached XP level 1. HP: 19/19 MP: 1/1
    27 | D:5      | Noticed an ogre
   148 | D:6      | Noticed Edmund
   210 | D:6      | Noticed a water moccasin
   320 | D:5      | Noticed a jelly
   371 | D:5      | Annihilated by an ogre

Illustrated notes

Levels and vault maps discovered:
D:5:      layout_basic
D:6:      layout_basic, serial_shops, shop, uniq_edmund

Action                     || total
---------------------------++-------
  Melee: Mace              ||    13
         Tailslap          ||     3
         Punch             ||     1
    Use: Potion            ||     2
         Scroll            ||     1
   Stab: Sleeping          ||     3
 Armour: Leather armour    ||     9
  Dodge: Dodged            ||     6

Table legend: (Time is in decaauts)
 A = Elapsed time spent in this place.
 B = Non-inter-level travel time spent in this place.
 C = Inter-level travel time spent in this place.
 D = Time resting spent in this place.
 E = Time spent auto-exploring this place.
 F = Levels seen in this place.
 G = Mean time per level.
                   A        B        C        D        E       F      G
               +--------+--------+--------+--------+--------+-----+--------+
         Total |    355 |    320 |     35 |      0 |    199 |   2 |  177.5 |
       Dungeon |    355 |    320 |     35 |      0 |    199 |   2 |  177.5 |
               +--------+--------+--------+--------+--------+-----+--------+

Top non-repeatable levels by time:
     D:6: 258 daAuts
     D:5: 97 daAuts
